 Dungeon Crawl Stone Soup version 0.28-a0-1147-gc7b72d3202 (webtiles) character file.

Game seed: 6551674506936517443

3475 GordonOverkill the Cleaver (level 9, -1/76 (85) HPs)
             Began as a Minotaur Cinder Acolyte on Dec 14, 2021.
             Was a High Priest of Ignis.
             Slain by a wight (8 damage)
             ... on level 8 of the Dungeon.
             The game lasted 00:14:01 (10588 turns).

GordonOverkill the Cleaver (MiCA)                  Turns: 10588, Time: 00:14:02

HP:   -1/76 (85)    AC: 12    Str: 22    XL:     9   Next: 79%
MP:   9/9           EV:  8    Int: 11    God:    Ignis [*****.]
Gold: 426           SH:  0    Dex:  7    Spells: 10/10 levels left

rFire   + . .      SeeInvis .   a - +0 hand axe (flame)
rCold   . . .      Faith    .   (no shield)
rNeg    . . .      Spirit   .   p - +0 storm dragon scales
rPois   .          Reflect  .   (helmet restricted)
rElec   +          Harm     .   (no cloak)
rCorr   .          Rampage  .   (no gloves)
Will    .....                   (no boots)
Stlth   ..........              (no amulet)
HPRegen 0.22/turn               (no ring)
MPRegen 0.11/turn               (no ring)

@: heavily drained
A: horns 2, retaliatory headbutt
a: Renounce Religion, Fiery Armour, Foxfire Swarm, Rising Flame


You were on level 8 of the Dungeon.
You worshipped Ignis.
Ignis was extremely pleased with you.
You visited 1 branch of the dungeon, and saw 8 of its levels.

You collected 471 gold pieces.
You spent 45 gold pieces at shops.

Inventory:

Hand Weapons
 a - a +0 hand axe of flaming (weapon)
 b - a +0 dagger of venom
Missiles
 q - 24 poisoned darts (quivered)
Armour
 p - +0 storm dragon scales (worn)
 z - a +0 pair of boots
Wands
 s - a wand of flame (16)
Scrolls
 d - a scroll of enchant weapon
 e - a scroll of torment
 f - 2 scrolls of teleportation
 h - 2 scrolls of blinking
 i - a scroll of fog {unknown}
 j - a scroll of magic mapping
 l - a scroll of summoning
 m - a scroll of amnesia {unknown}
 o - a scroll of enchant armour {unknown}
 v - 2 scrolls of immolation {unknown}
 y - a scroll of identify
Potions
 c - a potion of brilliance
 g - a potion of berserk rage
 k - a potion of invisibility
 n - 2 potions of heal wounds {unknown}
 r - a potion of curing
 t - a potion of cancellation {unknown}
 u - 3 potions of mutation {unknown}
 w - a potion of attraction {unknown}
 x - a potion of haste {unknown}
 A - a potion of lignification {unknown}
 B - a potion of ambrosia {unknown}


   Skills:
 - Level 10.0 Fighting
 + Level 13.3 Axes
 - Level 5.0 Armour
 - Level 1.0 Spellcasting
 - Level 2.1 Fire Magic


You had 10 spell levels left.
You didn't know any spells.
Your spell library contained the following spells:

 Spells                   Type           Power      Damage    Failure   Level
 Scorch                   Fire           10%        2d5       83%         2
 Sublimation of Blood     Necr           0%         N/A       98%         2
 Wereblood                Tmut           0%         N/A       98%         2
 Tukima's Dance           Hex            0%         N/A       100%        3
 Passage of Golubria      Tloc           0%         N/A       100%        4
 Fireball                 Conj/Fire      1%         3d3       100%        5
 Iskenderun's Battlesphe  Conj           0%         2d6       100%        5
 Yara's Violent Unravell  Hex/Tmut       0%         3d3       100%        5
 Conjure Ball Lightning   Conj/Air       0%         3x3d6     100%        6
 Orb of Destruction       Conj           0%         N/A       100%        7
 Summon Hydra             Summ           0%         N/A       100%        7


Dungeon Overview and Level Annotations

Branches:
Dungeon (8/15)             Temple (0/1) D:5
   Lair: D:8-11

Altars:
Nemelex Xobeh
Okawaru
Ru
Wu Jian
Yredelemnul

Shops:
D:3 *


Innate Abilities, Weirdness & Mutations

You have a pair of horns on your head.
You reflexively headbutt those who attack you in melee.


Message History

You hit the wight. You burn the wight.
The wight is almost destroyed.
The wight hits you with a +3 battleaxe!
* * * LOW HITPOINT WARNING * * *
You feel drained.
* * * LOW HITPOINT WARNING * * *
You barely miss the wight.
The wight is almost destroyed.
Your storm dragon scales prevents you from hitting the wight.
The wight is almost destroyed.
You hit the wight but do no damage.
The wight is almost destroyed.
The wight closely misses you.
You barely miss the wight.
The wight is almost destroyed.
You hit the wight. You burn the wight.
The wight is almost destroyed.
The wight hits you with a +3 battleaxe!
* * * LOW HITPOINT WARNING * * *
You feel drained.
* * * LOW HITPOINT WARNING * * *
You barely miss the wight.
The wight is almost destroyed.
The wight barely misses you.
Found a ring mail and a scroll of teleportation.
A wight comes into view. It is wielding a +4 trident.
A wight comes into view. It is wielding a +4 halberd.
The wight hits you from afar with a +4 trident.
* * * LOW HITPOINT WARNING * * *
The wight hits you but does no damage. The wight hits you with a +4 trident.
* * * LOW HITPOINT WARNING * * *
The wight hits you but does no damage.
The wight hits you from afar with a +4 trident.
* * * LOW HITPOINT WARNING * * *
The wight closely misses you.
The wight hits you from afar with a +4 trident!
* * * LOW HITPOINT WARNING * * *
The wight hits you from afar with a +4 halberd!
You die...

.#................#........#
.#.......z....$.....P...P.
.#........................
.########..g.........P..
........#..........P...P
........#....z..........
####'##.#......zz.......
.##..##.######.z......P.
..........# #..@.#....
..........# #....# .#.
########### #....# .. #....#
.. #....# ... #..... ...
#...... ### ##.....


You could see a gnoll shaman and 5 wights.

Vanquished Creatures
  Pikel (D:6)
  Grinder (D:4)
  Sigmund (D:6)
  Eustachio (D:6)
  A steam dragon (D:6)
  A water moccasin (D:7)
  An orc warrior (D:6)
  A black bear (D:6)
  3 sky beasts
  An ice beast (D:6)
  2 ogres (D:5)
  2 necrophages
  A phantom (D:4)
  A centaur (D:5)
  3 lemures (D:5)
  2 bullfrogs (D:8)
  3 scorpions
  3 water moccasin skeletons
  A bullfrog zombie (D:7)
  A centaur zombie (D:8)
  2 jellies
  5 orc priests
  A centaur skeleton (D:6)
  A gnoll shaman (D:7)
  A hound (D:6)
  3 iguanas
  3 orc wizards
  A killer bee zombie (D:7)
  A howler monkey skeleton (D:7)
  8 adders
  3 gnolls (D:7)
  2 white imps
  An ufetubus (D:7)
  2 worms
  25 orcs
  4 ball pythons
  7 endoplasms
  8 giant cockroaches
  7 goblins
  6 hobgoblins
  5 kobolds
  7 quokkas
  6 bats
  2 frilled lizards
  A rat (D:2)
143 creatures vanquished.

Vanquished Creatures (collateral kills)
  An orc priest (D:5)
  An orc (D:5)
2 creatures vanquished.

Vanquished Creatures (others)
  13 plants (D:8)
13 creatures vanquished.

Grand Total: 158 creatures vanquished

Notes
Turn   | Place    | Note
-------+----------+-------------------------------------------
     0 | D:1      | GordonOverkill the Minotaur Cinder Acolyte began the quest
                  | for the Orb.
     0 | D:1      | Reached XP level 1. HP: 19/19 MP: 1/1
   720 | D:1      | Reached skill level 4 in Axes
   721 | D:1      | Reached XP level 2. HP: 26/27 MP: 2/2
  1414 | D:2      | Reached XP level 3. HP: 34/34 MP: 3/3
  1502 | D:2      | Found a faded altar of an unknown god.
  1826 | D:3      | Reached XP level 4. HP: 32/41 MP: 4/4
  1959 | D:3      | Reached skill level 5 in Fighting
  1967 | D:3      | Reached skill level 5 in Axes
  2006 | D:3      | Found Qysir's Assorted Antiques.
  2091 | D:3      | Bought 2 fuming orange potions for 45 gold pieces
  2873 | D:4      | Reached skill level 1 in Armour
  2873 | D:4      | Reached XP level 5. HP: 41/50 MP: 5/5
  2992 | D:4      | Noticed a phantom
  3008 | D:4      | Killed a phantom
  3009 | D:4      | Reached skill level 6 in Axes
  3105 | D:4      | Noticed Grinder
  3120 | D:4      | Killed Grinder
  3121 | D:4      | Reached XP level 6. HP: 55/58 MP: 6/6
  3713 | D:4      | Reached XP level 7. HP: 64/64 MP: 7/7
  3978 | D:4      | Found a sacrificial altar of Ru.
  4116 | D:5      | Entered Level 5 of the Dungeon
  4444 | D:5      | Reached skill level 7 in Axes
  4926 | D:5      | Found a staircase to the Ecumenical Temple.
  5028 | D:5      | Found a basalt altar of Yredelemnul.
  5031 | D:5      | Found an ornate altar of the Wu Jian Council.
  5034 | D:5      | Found a sparkling altar of Nemelex Xobeh.
  5327 | D:5      | Reached skill level 5 in Armour
  5767 | D:6      | Reached XP level 8. HP: 66/74 MP: 8/8
  6048 | D:6      | Reached skill level 8 in Axes
  6552 | D:5      | Found an ornate altar of the Wu Jian Council.
  6555 | D:5      | Found a sparkling altar of Nemelex Xobeh.
  6555 | D:5      | Found a basalt altar of Yredelemnul.
  6625 | D:5      | Found a staircase to the Ecumenical Temple.
  7621 | D:6      | Noticed Eustachio
  7683 | D:6      | Killed Eustachio
  7684 | D:6      | Reached skill level 9 in Axes
  7758 | D:6      | Noticed Pikel
  7779 | D:6      | Killed Pikel
  7843 | D:6      | Reached skill level 10 in Fighting
  7843 | D:6      | Reached skill level 10 in Axes
  7843 | D:6      | Reached XP level 9. HP: 49/85 MP: 9/9
  8579 | D:6      | Reached skill level 11 in Axes
  8769 | D:6      | Noticed Sigmund
  8881 | D:6      | Killed Sigmund
  9276 | D:6      | Reached skill level 12 in Axes
  9875 | D:7      | Found an iron altar of Okawaru.
 10308 | D:8      | Reached skill level 13 in Axes
 10588 | D:8      | Slain by a wight

Illustrated notes

Levels and vault maps discovered:
D:1:      scummos_arrival_gate, layout_basic, minivault_19
D:2:      layout_rooms, basic_ecumenical_altar
D:3:      layout_loops_ring, serial_shops, shop, grunt_ministairs_14
D:4:      layout_layer_cave, kennysheep_mini, uniq_grinder
D:5:      layout_loops_ring, grunt_temple_overflow_diamond,
          minmay_temple_entry_large_hall, chequers_serial_rivers_room_a
D:6:      layout_basic, kennysheep_generic_room_5, uniq_sigmund, uniq_pikel,
          uniq_eustachio
D:7:      layout_loops_ring, kennysheep_okawaru_gauntlet
D:8:      layout_gridville, mainiacjoe_overflow_alcove_2, nicolae_grassy_gnolls

Skill      XL: |  1  2  3  4  5  6  7  8  9 |
---------------+----------------------------+-----
Fighting       | 4 5 6 7 10 | 10.0
Axes           | 4 5 6 7 10 13 | 13.3
Armour         | 1 3 5 |  5.0
Spellcasting   | |  1.0
Fire Magic     | |  2.1

Action                   |  1- 3 |  4- 6 |  7- 9 || total
-------------------------+-------+-------+-------++-------
Melee: Hand axe          |    27 |    11 |   120 ||   158
       Headbutt          |    16 |    12 |    63 ||    91
       Dagger            |    77 |   117 |   219 ||   413
Throw: Dart              |       |       |    90 ||    90
Invok: Fiery Armour      |       |     1 |       ||     1
  Use: Scroll            |       |       |    10 ||    10
Armor: Robe              |     3 |       |       ||     3
       Chain mail        |    53 |    39 |       ||    92
       Storm dragon scal |       |    38 |   162 ||   200
Dodge: Dodged            |    36 |    46 |   110 ||   192

Table legend: (Time is in decaauts)
 A = Elapsed time spent in this place.
 B = Non-inter-level travel time spent in this place.
 C = Inter-level travel time spent in this place.
 D = Time resting spent in this place.
 E = Time spent auto-exploring this place.
 F = Levels seen in this place.
 G = Mean time per level.
                   A        B        C        D        E       F      G
               +--------+--------+--------+--------+--------+-----+--------+
         Total |  10561 |  10130 |    431 |   3274 |   5212 |   8 | 1320.1 |
       Dungeon |  10561 |  10130 |    431 |   3274 |   5212 |   8 | 1320.1 |
               +--------+--------+--------+--------+--------+-----+--------+

Top non-repeatable levels by time:
     D:5: 2946 daAuts
     D:6: 1982 daAuts
     D:4: 1602 daAuts
     D:3: 1099 daAuts
     D:1: 1059 daAuts
     D:7: 905 daAuts
     D:2: 669 daAuts
     D:8: 297 daAuts
